 Dungeon Crawl Stone Soup version 0.30.1-11-g7821555f0a (webtiles) character file.

Game seed: 8520649318708318693

156 comborobin the Covert (level 5, -1/32 (33) HPs)
             Began as a Kobold Delver on Nov 16, 2023.
             Slain by an orc priest
             ... wielding a +1 hand axe of venom
              (4 damage)
             ... on level 5 of the Dungeon.
             The game lasted 00:01:21 (197 turns).

comborobin the Covert (Kobold Delver)                Turns: 197, Time: 00:01:22

HP:   -1/32 (33)    AC:  3    Str:  9    XL:     5   Next: 65%
MP:   5/5           EV: 15    Int: 12    God:
Gold: 0             SH:  0    Dex: 18    Spells: 4/4 levels left

rFire   . . .        f - +2 dagger (freeze)
rCold   . . .        (no shield)
rNeg    . . .        b - +0 leather armour
rPois   .            (no helmet)
rElec   .            (no cloak)
rCorr   .            (no gloves)
SInv    .            (no boots)
Will    .....        (no amulet)
Stlth   +++++        (no ring)
HPRegen 0.25/turn    (no ring)
MPRegen 0.09/turn

%: no passive effects
@: lightly drained
A: small, no large weapons, nightstalker 3
a: no special abilities


You were on level 5 of the Dungeon.
You visited 1 branch of the dungeon, and saw 3 of its levels.

Inventory:

Hand Weapons
 a - a +0 short sword
 f - a +2 dagger of freezing (weapon)
 h - a +0 dagger
Armour
 b - a +0 leather armour (worn)
Wands
 g - a wand of digging (3)


   Skills:
 - Level 3.8 Fighting
 - Level 3.5 Short Blades
 - Level 3.2 Dodging
 + Level 8.8 Stealth


You had 4 spell levels left.
You didn't know any spells.
Your spell library was empty.

Dungeon Overview and Level Annotations

Branches:
Dungeon (6/15)
 Temple: D:4-7

Altars:


Innate Abilities, Weirdness & Mutations

You are small and have problems with some larger weapons.
You are completely attuned to the shadows.


Message History

An orc comes into view. It is wielding a +0 war axe.
There is an escape hatch in the floor here.
You slide downwards.
The hatch slams shut behind you.
Found a stone staircase leading up.
You aren't carrying any potions.
Unknown command.
There is a stone staircase leading up here.
Found a viscous clear potion.
You start resting.
A wight is nearby!
There is a stone staircase leading up here.
You climb upwards.
You hear the sound of rushing water.
There is an entrance to a sewer on this level.
Hurry and find it before the portal rusts away!
You hear the slow rusting of a drain nearby.
A quokka comes into view.
Found a scroll labelled ZONNUJ ZUNU and a scroll labelled GAYTHRO YBIRRY.
There is a stone staircase leading down here.
As you read the scroll of fog, it crumbles to dust.
The scroll dissolves into smoke.
The quokka misses you. The orc priest hits you with a +0 club.
The orc priest hits you with a +0 club. The orc hits you with a +0 hand axe.
You aren't carrying any potions.
Unknown command.
The orc hits you but does no damage. The orc hits you with a +0 hand axe.
The quokka completely misses you. The orc attacks as you move away!
The orc hits you with a +0 short sword. The orc hits you with a +0 hand axe.
* * * LOW HITPOINT WARNING * * *
Found a scroll labelled WOGUCSEA DOG URI.
The orc attacks as you move away! The orc hits you with a +0 short sword.
* * * LOW HITPOINT WARNING * * *
The orc barely misses you.
The orc priest shouts!
You hit the orc priest. You freeze the orc priest.
The orc priest is lightly wounded.
You hear a bark!
The orc closely misses you.
The orc priest hits you with a +1 hand axe of venom.
You die...

*~∩~* **,,*,,,,,** *~~~*
*#.....##***********
*~~~******#.....?,,,,,,,,,,,,
*~~~**,,,,#...#.#####********
*~~~**,,,,#..........,,***,*
*,,,**,,,,#....o.....*,,,,,*
**,,,,,,,,##..r#.###.#,,**,*
**,,,,,,,*#oo.#§§o§.?,,,*,**
*,,,,,,,*#@..#§#§§.,,,,,,,,
*,,,,<,,*#o..#o§o#,***,,,,,
*,,,,,<,*#.§§#§§§#,* *,,,,,
*,,,,,,,,..§§§§§§#,***,,,,,
**,,,,,,,..§§#.#.#.#,,,,,,,
*****,,,,,o,....#.#*******
*,,,,,,.#.###.# *,******#.#
#.# *****,*######.# #.#


You could see an orc priest, 3 orcs and a quokka.

Vanquished Creatures
  3 wights (D:6)
3 creatures vanquished.

Notes
Turn   | Place    | Note
-------+----------+-------------------------------------------
     0 | D:5      | comborobin the Kobold Delver began the quest for the Orb.
     0 | D:5      | Reached XP level 1. HP: 14/14 MP: 1/1
     7 | D:6      | Noticed a wight
     9 | D:6      | Noticed a wight
     9 | D:6      | Noticed a wight
    11 | D:6      | Killed a wight
    12 | D:6      | Reached skill level 7 in Stealth
    12 | D:6      | Reached XP level 2. HP: 20/20 MP: 2/2
    12 | D:6      | Reached XP level 3. HP: 24/24 MP: 3/3
    12 | D:6      | Reached XP level 4. HP: 29/29 MP: 4/4
    13 | D:6      | Noticed a wight
    14 | D:6      | Killed a wight
    15 | D:6      | Reached skill level 8 in Stealth
    15 | D:6      | Reached XP level 5. HP: 33/33 MP: 5/5
    97 | D:5      | HP: 1/32 [orc priest/divine providence (12)]
   197 | D:5      | Slain by an orc priest

Illustrated notes

Levels and vault maps discovered:
D:4:      layout_gridville, worldfamousw_hep_ancestral_shrine
D:5:      layout_basic, trog_hazing_becter, tso_oasis_becter,
          mainiacjoe_overflow_boulevard, portal_sewer_entry_f, serial_shops,
          shop_statue
D:6:      layout_cave_pools, mainiacjoe_overflow_swirl

Skill      XL: |  1  2  3  4 |
---------------+-------------+-----
Short Blades   | 3 |  3.5
Dodging        | 3 |  3.2
Stealth        | 7 8 |  8.8
Fighting       | |  3.8

Action                     |  1- 3 |  4- 6 || total
---------------------------+-------+-------++-------
  Melee: Dagger            |     1 |     8 ||     9
    Use: Scroll            |       |     3 ||     3
         Potion            |       |     1 ||     1
   Stab: Sleeping          |     1 |     2 ||     3
 Armour: Leather armour    |       |     1 ||     1
  Dodge: Dodged            |       |     5 ||     5
